 Dungeon Crawl Stone Soup version 0.20.1-1-g8b1a95d (webtiles) character file.

1857 Linguinho the Grappler (level 8, 0/74 HPs)
             Began as a Troll Hunter on Nov 14, 2017.
             Slain by a slave (8 damage)
             ... led by Pikel
             ... on level 7 of the Dungeon.
             The game lasted 00:10:38 (5113 turns).

Linguinho the Grappler (Troll Hunter)               Turns: 5113, Time: 00:10:38

Health: 0/74       AC:  6    Str: 23    XL:     8   Next: 89%
Magic:  7/7        EV: 10    Int:  7    God:
Gold:   359        SH:  0    Dex: 10    Spells: 7/7 levels left

rFire    . . .     SeeInvis .     - Unarmed
rCold    . . .     Gourm    +   (no shield)
rNeg     . . .     Faith    .   b - +0 robe
rPois    .         Spirit   .   (helmet restricted)
rElec    .         Reflect  .   g - +0 cloak
rCorr    .         Harm     .   (gloves unavailable)
MR       .....                  (boots unavailable)
Stlth    ++........             (no amulet)
Regen    0.7/turn               (no ring)
MPRegen  0.1/turn               (no ring)

@: very slightly contaminated
A: unfitting armour, claws 3, fast metabolism 3, gourmand, regeneration 1,
shaggy fur 1, tough skin 2
a: no special abilities


You were on level 7 of the Dungeon.
You were full.

You visited 1 branch of the dungeon, and saw 7 of its levels.

You collected 459 gold pieces.
You spent 100 gold pieces at shops.

Inventory:

Hand Weapons
 J - a +0 giant club
Missiles
 d - 3 throwing nets
 q - 2 large rocks (quivered)
Armour
 b - a +0 robe (worn)
 g - a +0 cloak (worn)
Jewellery
 a - an uncursed ring of flight {unknown}
 n - an uncursed ring of protection from fire {unknown}
 y - an uncursed amulet of regeneration {unknown}
 L - a +2 amulet of reflection {unknown}
Wands
 u - a wand of polymorph (7/24)
 C - a wand of flame (21/48)
 D - a wand of polymorph (13/24)
 F - a wand of random effects (11/48)
 I - a wand of enslavement (17/24)
Scrolls
 e - 3 scrolls of fog
 i - 5 scrolls of enchant weapon {unknown}
 k - 5 scrolls of recharging
 s - a scroll of noise {unknown}
 t - a scroll of enchant armour {unknown}
 v - 2 scrolls of teleportation {unknown}
 E - 2 scrolls of remove curse
 K - a scroll of identify
 M - a scroll of torment {unknown}
Potions
 j - a potion of berserk rage {unknown}
 l - a potion of brilliance {unknown}
 o - 4 potions of cancellation
 p - a potion of haste {unknown}
 r - 2 potions of lignification
 w - 2 potions of might {unknown}
 x - 2 potions of curing {unknown}
 z - a potion of degeneration {unknown}
 A - a potion of mutation {unknown}
 G - 3 potions of heal wounds {unknown}
 H - a potion of agility {unknown}
Books
 h - a book of Minor Magic

   Spells                             Type                      Level
   a - Magic Dart                     Conjuration                  1
   b - Blink                          Translocation                2
   c - Call Imp                       Summoning                    2
   d - Slow                           Hexes                        2
   e - Conjure Flame                  Conjuration/Fire             3
   f - Mephitic Cloud                 Conjuration/Poison/Air       3
Comestibles
 c - a meat ration
 f - 7 bread rations
 B - 2 royal jellies


   Skills:
 + Level 2.4 Fighting
 * Level 3.2 Maces & Flails
 * Level 5.6 Throwing
 + Level 3.1 Dodging
 + Level 1.3 Stealth
 * Level 8.5 Unarmed Combat


You had 7 spell levels left.
You didn't know any spells.

Dungeon Overview and Level Annotations

Branches:
Dungeon (7/15)             Temple (0/1) D:5

Altars:
Hepliaklqana
Trog
Vehumet
Yredelemnul
The Shining One

Shops:
D:4 }**   D:7 [

Annotations:
D:7 Linguinho's ghost, novice TrHu; Pikel


Innate Abilities, Weirdness & Mutations

You are too large for most types of armour.
You have claws for hands.
Your metabolism is lightning-fast.
You like to eat raw meat.
Your natural rate of healing is unusually fast.
You are covered in fur. (AC +1)
You have very tough skin. (AC +2)


Message History

Pikel is severely wounded.
Pikel waves his whip at you.
Pikel struggles against the net. x2
Throwing (i - inventory. (,) - cycle):
q - 4 large rocks (quivered)
Press: ? - help, Shift-Dir - straight line, f/p - Pikel
Aim: Pikel, wielding a whip of electrocution and wearing a robe (severely wounded, entangled in a net)
You throw a large rock. The large rock hits the slave.
The slave is lightly wounded.
Pikel struggles against the net.
The slave hits you.
* * * LOW HITPOINT WARNING * * *
Pikel struggles against the net.
Pikel says, "I'm sure the Orcish Mines are around here somewhere..."
Pikel struggles against the net.
Throwing (i - inventory. (,) - cycle):
q - 3 large rocks (quivered)
Press: ? - help, Shift-Dir - straight line, f/p - Pikel
Aim: Pikel, wielding a whip of electrocution and wearing a robe (severely wounded, entangled in a net)
You throw a large rock. The large rock hits the slave!!
You kill the slave!
That felt strangely unrewarding.
The slave hits you!
You die...

..#
#..†.##...##......>
##.....##..#########
#...K.∩$#..#
##......##..#
#.......###.#########
#....p.## #..#.......
#....p.# #..........
#...[p## ##.........
##..@## #.#.......
##### #.........
##.#...... #.#######
###


You could see Pikel (caught) and 3 slaves.

Vanquished Creatures
  Sigmund (D:6)
  Eustachio (D:5)
  A water moccasin (D:4)
  An ice beast (D:6)
  A sky beast (D:5)
  A slave (D:7)
  2 ogres (D:6)
  A phantom (D:4)
  2 centaurs (D:6)
  2 bullfrogs
  2 scorpions
  A bullfrog zombie (D:5)
  A centaur skeleton (D:6)
  2 orc priests
  2 orc wizards (D:6)
  An iguana (D:6)
  Ijyb (D:3)
  3 worker ants
  A hound zombie (D:5)
  2 hound skeletons
  2 worker ant zombies
  8 adders
  4 gnolls (D:5)
  2 shadow imps
  An adder skeleton (D:6)
  A worm (D:3)
  2 dart slugs
  4 leopard geckos
  12 orcs
  5 bats
  2 giant cockroaches
  7 goblins
  10 hobgoblins
  6 jackals
  3 quokkas
  6 frilled lizards
  A giant cockroach zombie (D:6)
  6 kobolds
  2 leopard gecko skeletons
  A quokka skeleton (D:5)
  2 rats
116 creatures vanquished.

Notes
Turn   | Place    | Note
-------+----------+-------------------------------------------
     0 | D:1      | Linguinho the Troll Hunter began the quest for the Orb.
     0 | D:1      | Reached XP level 1. HP: 19/19 MP: 0/0
    97 | D:1      | Reached XP level 2. HP: 23/27 MP: 1/1
   620 | D:2      | Reached XP level 3. HP: 27/33 MP: 2/2
   677 | D:2      | Found a hazy altar of Hepliaklqana.
   729 | D:2      | Found a basalt altar of Yredelemnul.
   741 | D:2      | Reached skill level 1 in Unarmed Combat
   964 | D:2      | Found a faded altar of an unknown god.
  1137 | D:2      | Found a glowing golden altar of the Shining One.
  1272 | D:3      | Reached XP level 4. HP: 31/41 MP: 3/3
  1293 | D:3      | Noticed Ijyb
  1307 | D:3      | Killed Ijyb
  1307 | D:3      | Reached skill level 2 in Unarmed Combat
  1478 | D:3      | Reached skill level 1 in Maces & Flails
  1737 | D:4      | Reached skill level 3 in Unarmed Combat
  1737 | D:4      | Reached XP level 5. HP: 46/48 MP: 4/4
  1823 | D:4      | Found Exzufum's Gadget Shop.
  1954 | D:4      | Found Cetoczuo's Assorted Antiques.
  1957 | D:4      | Bought 2 fuming coppery potions for 37 gold pieces
  1957 | D:4      | Bought a scroll labeled MAANOI KUOLO for 21 gold pieces
  1957 | D:4      | Bought a scroll labeled MAANOI KUOLO for 21 gold pieces
  1957 | D:4      | Bought a scroll labeled UNITIA QAXKOI for 21 gold pieces
  2044 | D:4      | Found Cine's General Store.
  2115 | D:4      | Noticed a phantom
  2126 | D:4      | Killed a phantom
  2126 | D:4      | Reached skill level 4 in Unarmed Combat
  2126 | D:4      | Reached XP level 6. HP: 39/55 MP: 5/5
  2167 | D:4      | Found a bloodstained altar of Trog.
  2243 | D:4      | Noticed a water moccasin
  2255 | D:4      | Killed a water moccasin
  2255 | D:4      | Reached skill level 5 in Unarmed Combat
  2634 | D:5      | Entered Level 5 of the Dungeon
  2665 | D:5      | Noticed Eustachio
  2887 | D:5      | Noticed a sky beast
  2893 | D:5      | Killed a sky beast
  2893 | D:5      | Reached XP level 7. HP: 63/63 MP: 6/6
  2943 | D:5      | Found a staircase to the Ecumenical Temple.
  3272 | D:5      | Killed Eustachio
  3272 | D:5      | Reached skill level 5 in Throwing
  3272 | D:5      | Reached skill level 6 in Unarmed Combat
  3676 | D:6      | Reached skill level 1 in Stealth
  3689 | D:6      | Reached XP level 8. HP: 40/72 MP: 7/7
  3792 | D:6      | Found a radiant altar of Vehumet.
  3833 | D:6      | Reached skill level 7 in Unarmed Combat
  3872 | D:6      | Noticed Sigmund
  3880 | D:6      | Killed Sigmund
  4226 | D:6      | Reached skill level 8 in Unarmed Combat
  4553 | D:7      | Noticed Linguinho's ghost (novice TrHu)
  5098 | D:7      | Found Denokud's Armour Shoppe.
  5098 | D:7      | Noticed Pikel
  5113 | D:7      | Slain by a slave

Skill      XL: |  1  2  3  4  5  6  7  8 |
---------------+-------------------------+-----
Throwing       | 4 5 |  5.6
Unarmed Combat | 1 3 4 5 6 8 |  8.5
Maces & Flails | 1 2 3 |  3.2
Dodging        | 2 3 |  3.1
Fighting       | 2 |  2.4
Stealth        | 1 |  1.3

Action                   |  1- 3 |  4- 6 |  7- 9 || total
-------------------------+-------+-------+-------++-------
Melee: Unarmed           |   123 |    99 |   209 ||   431
       Punch             |     1 |     1 |     2 ||     4
Throw: Large rock        |       |     5 |    16 ||    21
       Throwing net      |       |       |    22 ||    22
Evoke: Wand              |       |     1 |       ||     1
  Use: Scroll            |       |     6 |     1 ||     7
 Stab: Sleeping          |       |       |     1 ||     1
  Eat: Chunk             |    17 |    10 |    22 ||    49
Armor: Robe              |    56 |    65 |    85 ||   206
Dodge: Dodged            |    78 |    88 |   107 ||   273
